Map: Dämmertürme

Players

Jitano - Winner!

  • Race: Terran Terran
  • League: Silver
  • Spawn Location: 1:00

Propaganda

  • Race: Zerg Zerg
  • League: Gold
  • Spawn Location: 7:00

VOD

Have the link to the VOD?

Description

Time

  • Played on: Nov. 13, 2015, 3:28 p.m.
  • Length: 3:19
Show
View Real Time Build Order
Export as new Build Order

Jitano Terran - Winner!

Build Orders:  

Get SALT Encoding   

  12  0:01  SCV  
  13  0:13  SCV  
  14  0:18  Supply Depot  
  14  0:25  SCV  
  15  0:40  SCV  
  15  0:41  Barracks  
  16  0:54  Barracks  
  16  1:07  Barracks  
  16  1:21  Barracks  
  16  1:28  Marine  
  17  1:41  Marine  
  17  1:44  Supply Depot  
  17  1:45  Marine  
  19  1:53  Marine  
  20  1:59  Marine  
  21  2:03  Marine  
  21  2:07  Marine  
  23  2:11  Marine  
  24  2:17  Marine  
  24  2:21  Marine  
  24  2:22  Supply Depot  
  26  2:25  Marine  
  26  2:29  Marine  
  28  2:38  Marine  
  29  2:55  Marine  
  29  2:56  Marine x3  
Show
View Real Time Build Order
Export as new Build Order

Propaganda Zerg 

Build Orders: Pool First 

Get SALT Encoding   

  12  0:01  Drone  
  13  0:10  Drone  
  14  0:19  Extractor  
  14  0:20  Drone  
  14  0:33  Spawning Pool  
  13  0:36  Drone  
  14  0:47  Overlord  
  14  1:08  Drone  
  15  1:24  Metabolic Boost  
  15  1:25  Queen  
  15  1:27  Zergling x6  
  20  1:39  Overlord  
  20  1:53  Zergling x2  
  21  2:00  Zergling x2  
  22  2:17  Zergling x2  
  23  2:26  Zergling x2  
  23  2:29  Hatchery  
  23  2:35  Zergling x6  
  25  2:50  Zergling x2  
Tags
 
Matchup
TvZ
Opening
Pool First
Spawn Locations
Cross Positions
Add a new tag
Caveats
  • Supply blocks, unpowered buildings, or Contaminate may cause inaccurate times.
  • Supply counts are checked every 10 seconds.